 Dungeon Crawl Stone Soup version 0.30-a0-779-g7971cf19c3 (webtiles) character file.

Game seed: 768116607095672702

837 Dittersdorf the Covered (level 7, -5/45 HPs)
             Began as a Gargoyle Fighter on Feb 17, 2023.
             Was an Initiate of Okawaru.
             Slain by a troll (8 damage)
             ... on level 5 of the Dungeon.
             The game lasted 00:04:17 (4197 turns).

Dittersdorf the Covered (Gargoyle Fighter)          Turns: 4197, Time: 00:04:18

Health: -5/45      AC: 18    Str: 21    XL:     7   Next: 99%
Magic:  7/7        EV:  7    Int: 12    God:    Okawaru [......]
Gold:   263        SH:  5    Dex:  9    Spells: 6/6 levels left

rFire   . . .      SeeInvis +    a - +0 flail (heavy)
rCold   . . .      Faith    .    c - +0 buckler
rNeg    + . .      Spirit   .    o - +0 chain mail
rPois   ∞          Reflect  .    m - +2 helmet {Int+3}
rElec   +          Harm     .    (no cloak)
rCorr   .          Rampage  .    (no gloves)
Will    .....                    (no boots) Stlth
                                 (no amulet)
HPRegen 0.27/turn                f - ring of see invisible
MPRegen 0.10/turn                n - ring of wizardry

@: mighty
A: sickness immunity, AC +4, negative energy resistance 1, electricity
resistance, torment resistance 1, petrification resistance
a: Renounce Religion


You were on level 5 of the Dungeon.
You worshipped Okawaru.
Okawaru was noncommittal.
You visited 2 branches of the dungeon, and saw 6 of its levels.

You collected 263 gold pieces.

Inventory:

Hand Weapons
 a - a +0 heavy flail (weapon)
Armour
 c - a +0 buckler (worn)
 m - a +2 helmet of intelligence (worn)
 o - a +0 chain mail (worn)
Jewellery
 f - a ring of see invisible (left hand)
 n - a ring of wizardry (right hand)
Scrolls
 b - a scroll of blinking
Potions
 e - 2 potions of heal wounds {unknown}
 g - a potion of invisibility
 h - 3 potions of resistance
 i - 2 potions of flight {unknown}
 j - a potion of berserk rage {unknown}
 k - a potion of experience {unknown}
 l - 2 potions of haste {unknown}
 p - 2 potions of lignification {unknown}


   Skills:
 + Level 5.7 Fighting
 + Level 4.7 Maces & Flails
 + Level 5.8 Armour
 + Level 5.7 Shields


You had 6 spell levels left.
You didn't know any spells.
Your spell library contained the following spells:

 Spells                   Type           Power      Damage    Failure   Level
 Lesser Beckoning         Tloc           0%         N/A       88%         2
 Dazzling Flash           Conj/Hex       0%         N/A       98%         3
 Gell's Gravitas          Tloc           0%         N/A       98%         3
 Teleport Other           Tloc           0%         N/A       98%         3
 Agony                    Necr           0%         N/A       100%        5
 Silence                  Hex/Air        0%         N/A       100%        5


Dungeon Overview and Level Annotations

Branches:
Dungeon (5/15)             Temple (1/1) D:5

Altars:
Ashenzari
Cheibriados
Dithmenos
Elyvilon
Fedhas
Hepliaklqana
Makhleb
Nemelex Xobeh
Okawaru
Qazlal
Ru
Sif Muna
Trog
Vehumet
Wu Jian
Xom
Yredelemnul
Zin
The Shining One

Shops:
D:1 *


Innate Abilities, Weirdness & Mutations

You are immune to sickness and miasma.
Your stone body is resilient. (AC +4)
You are immune to poison.
You resist negative energy. (rN+)
You are resistant to electric shocks. (rElec)
You are resistant to unholy torment.
You are immune to petrification.


Message History

The troll is moderately wounded.
The troll bites you but does no damage. You block the troll's attack.
The troll claws you! The troll bites you but does no damage.
The troll claws you. The troll claws you but does no damage.
You sock the troll!
The troll is heavily wounded.
You block the troll's attack. The troll claws you! The troll barely misses you.
You block the troll's attack. The troll claws you!
* * * LOW HITPOINT WARNING * * *
The troll completely misses you.
You are too injured to fight recklessly!
You are too injured to fight recklessly!
You are too injured to fight recklessly!
You are too injured to fight recklessly!
You are too injured to fight recklessly!
You are too injured to fight recklessly!
You are too injured to fight recklessly!
You are too injured to fight recklessly!
You are too injured to fight recklessly!
You are too injured to fight recklessly!
You are too injured to fight recklessly!
You are too injured to fight recklessly!
You are too injured to fight recklessly!
You are too injured to fight recklessly!
You are too injured to fight recklessly!
You feel very mighty all of a sudden. The troll bites you but does no damage.
The troll claws you.
* * * LOW HITPOINT WARNING * * *
The troll barely misses you.
You barely miss the troll.
The troll is moderately wounded.
The troll completely misses you. The troll claws you but does no damage.
The troll claws you!
* * * LOW HITPOINT WARNING * * *
The troll bites you but does no damage. The troll claws you but does no damage.
You block the troll's attack.
You hit the troll.
The troll is heavily wounded.
The troll bites you!
You die...

#####################
................@T..# ###
####.###.##########...)....#
#.# #.# ########.# #.# #.#
#.# #.# #.# #.# #.# #.# #.#
####.# #.# ##.## .....# #.#
##...# ###### #.#
#####....#####


You could see a troll.

Vanquished Creatures
  A black bear (D:5)
  An ogre (D:5)
  A phantom (D:3)
  A centaur (D:5)
  2 scorpions
  A necrophage (D:4)
  A jelly (D:4)
  An orc priest (D:5)
  An iguana (D:5)
  Terence (D:2)
  2 orc wizards (D:5)
  Robin (D:3)
  5 adders
  A white imp (D:5)
  2 dart slugs (D:2)
  20 orcs
  4 endoplasms
  2 giant cockroaches
  14 goblins
  6 hobgoblins
  A quokka (D:3)
  4 ball pythons
  3 bats
  3 frilled lizards
  4 kobolds
  4 rats (D:1)
87 creatures vanquished.

Vanquished Creatures (others)
  17 fungi (D:4)
17 creatures vanquished.

Grand Total: 104 creatures vanquished

Notes
Turn   | Place    | Note
-------+----------+-------------------------------------------
     0 | D:1      | Dittersdorf the Gargoyle Fighter began the quest for the
                  | Orb.
     0 | D:1      | Reached XP level 1. HP: 14/14 MP: 1/1
   126 | D:1      | Reached XP level 2. HP: 17/19 MP: 2/2
   276 | D:1      | Found Zukhuawi's General Store.
   748 | D:2      | Reached XP level 3. HP: 23/23 MP: 3/3
   783 | D:2      | Noticed Terence
   791 | D:2      | Killed Terence
   895 | D:2      | Found a snail-covered altar of Cheibriados.
   991 | D:2      | Found a faded altar of an unknown god.
  1087 | D:2      | Reached XP level 4. HP: 29/29 MP: 4/4
  1258 | D:3      | Noticed a phantom
  1277 | D:3      | Killed a phantom
  1278 | D:3      | Reached XP level 5. HP: 26/33 MP: 5/5
  1313 | D:3      | Noticed Robin
  1386 | D:3      | Killed Robin
  1421 | D:3      | Reached XP level 6. HP: 35/39 MP: 6/6
  3026 | D:5      | Entered Level 5 of the Dungeon
  3244 | D:5      | Reached skill level 5 in Armour
  3441 | D:5      | Reached skill level 5 in Fighting
  3441 | D:5      | Reached skill level 5 in Shields
  3441 | D:5      | Reached XP level 7. HP: 37/44 MP: 7/7
  3499 | D:5      | Found a bloodstained altar of Trog.
  4013 | D:5      | Found a staircase to the Ecumenical Temple.
  4024 | Temple   | Entered the Ecumenical Temple
  4031 | Temple   | Became a worshipper of Warmaster Okawaru
  4182 | D:5      | Noticed a troll
  4197 | D:5      | Slain by a troll

Illustrated notes

Levels and vault maps discovered:
D:1:      minmay_arrival_arboretum_large, layout_loops_cross, serial_shops,
          nicolae_square_shop
D:2:      layout_loops_cross, basic_altar,
          shapermc_ecumenical_altar_mp_urbaneastern, uniq_terence
D:3:      layout_basic, minmay_misc_feat_enclosed, lightli_corner_chamber,
          uniq_robin
D:4:      layout_loops_ring, serial_aquarium, aquarium_bridge_straight
          [aquarium_subvault_bridge, aquarium_subvault_window,
          aquarium_subvault_bridge, aquarium_subvault_wall],
          aquarium_bridge_square [aquarium_subvault_bridge,
          aquarium_subvault_wall, aquarium_subvault_window,
          aquarium_subvault_bridge], aquarium_window_1, aquarium_window_fake,
          aquarium_view_2d, aquarium_balcony_5a, aquarium_pool_split
D:5:      layout_loops_ring, mainiacjoe_overflow_catwalk,
          minmay_temple_entry_fiery
Temple:   nicolae_temple_no_exploring_needed

Skill      XL: |  1  2  3  4  5  6 |
---------------+-------------------+-----
Fighting       | 4 5 |  5.7
Maces & Flails | 3 4 |  4.7
Armour         | 4 5 |  5.8
Shields        | 4 5 |  5.7

Action                     |  1- 3 |  4- 6 |  7- 9 || total
---------------------------+-------+-------+-------++-------
  Melee: Flail             |    96 |   156 |    57 ||   309
    Use: Scroll            |       |     6 |       ||     6
         Potion            |       |       |     1 ||     1
 Armour: Scale mail        |    49 |    88 |       ||   137
         Chain mail        |       |    62 |    68 ||   130
  Dodge: Dodged            |    58 |    91 |    30 ||   179
  Block: Buckler           |    21 |    37 |    17 ||    75

Table legend: (Time is in decaauts)
 A = Elapsed time spent in this place.
 B = Non-inter-level travel time spent in this place.
 C = Inter-level travel time spent in this place.
 D = Time resting spent in this place.
 E = Time spent auto-exploring this place.
 F = Levels seen in this place.
 G = Mean time per level.
                   A        B        C        D        E       F      G
               +--------+--------+--------+--------+--------+-----+--------+
         Total |   4350 |   4137 |    213 |    243 |   3047 |   6 |  725.0 |
       Dungeon |   4335 |   4134 |    201 |    243 |   3047 |   5 |  867.0 |
        Temple |     14 |      2 |     12 |      0 |      0 |   1 |   14.0 |
               +--------+--------+--------+--------+--------+-----+--------+

Top non-repeatable levels by time:
     D:4: 1118 daAuts
     D:5: 1008 daAuts
     D:3: 862 daAuts
     D:1: 681 daAuts
     D:2: 665 daAuts
  Temple: 14 daAuts
